 Dungeon Crawl Stone Soup version 0.28-a0-1594-ga885d4b3d6 (webtiles) character file.

Game seed: 8225174582246258420

105 lunkers the Shooter (level 4, -6/39 HPs)
             Began as a Minotaur Hunter on Jan 20, 2022.
             Was an Initiate of Okawaru.
             Mangled by an ogre (11 damage)
             ... on level 4 of the Dungeon.
             The game lasted 00:03:13 (3098 turns).

lunkers the Shooter (Minotaur Hunter)               Turns: 3098, Time: 00:03:13

Health: -6/39      AC: 10    Str: 19    XL:     4   Next: 54%
Magic:  3/3        EV: 11    Int:  8    God:    Okawaru [......]
Gold:   115        SH:  0    Dex: 10    Spells: 3/3 levels left

rFire   + . .      SeeInvis .   b - +0 demon whip (flame)
rCold   . . .      Faith    .   (no shield)
rNeg    . . .      Spirit   .   r - +4 ring mail of the Six Tables {rF+}
rPois   .          Reflect  .   (helmet restricted)
rElec   .          Harm     .   (no cloak)
rCorr   .          Rampage  .   (no gloves)
Will    +....                   o - +0 pair of boots
Stlth   +.........              (no amulet)
HPRegen 0.13/turn               n - ring of willpower
MPRegen 0.08/turn               (no ring)

@: no status effects
A: horns 2, retaliatory headbutt
a: Renounce Religion


You were on level 4 of the Dungeon.
You worshipped Okawaru.
Okawaru was noncommittal.
You visited 1 branch of the dungeon, and saw 4 of its levels.

You collected 115 gold pieces.

Inventory:

Hand Weapons
 a - a +1 shortbow
 b - a +0 demon whip of flaming (weapon)
 d - a +0 short sword
Missiles
 q - 10 arrows
Armour
 c - a +0 leather armour
 o - a +0 pair of boots (worn)
 r - the +4 ring mail of the Six Tables (worn) {rF+}
   (You found it on level 4 of the Dungeon)

   rF:        It protects you from fire.
Jewellery
 n - a ring of willpower (left hand)
Scrolls
 e - a scroll of noise {unknown}
 f - 2 scrolls of identify
 g - a scroll of brand weapon {unknown}
 h - a scroll of teleportation {unknown}
 p - a scroll of enchant weapon {unknown}
Potions
 i - a potion of flight
 j - a potion of might
 k - a potion of mutation {unknown}
 l - a potion of ambrosia {unknown}
 m - a potion of berserk rage {unknown}


   Skills:
 + Level 3.6 Fighting
 * Level 0.4 Maces & Flails
 - Level 5.5 Bows
 + Level 3.2 Dodging
 - Level 0.7 Stealth


You had 3 spell levels left.
You didn't know any spells.
Your spell library contained the following spells:

 Spells                   Type           Power      Damage    Failure   Level
 Apportation              Tloc           0%         N/A       58%         1
 Stone Arrow              Conj/Erth      0%         3d7       92%         3
 Lehudib's Crystal Spear  Conj/Erth      0%         10d2      100%        8
 Animate Skeleton         Necr           Unusable   N/A       N/A         1
 Summon Small Mammal      Summ           Unusable   N/A       N/A         1
 Animate Armour           Summ/Erth      Unusable   N/A       N/A         4

Dungeon Overview and Level Annotations

Branches:
Dungeon (4/15)
 Temple: D:4-7

Altars:
Makhleb
Okawaru
Vehumet

Annotations:
D:3 2 runed translucent doors, axecop's ghost, amateur DsAK


Innate Abilities, Weirdness & Mutations

You have a pair of horns on your head.
You reflexively headbutt those who attack you in melee.


Message History

The ogre hits you with a +0 giant club!
* * * LOW HITPOINT WARNING * * *
You feel sick.
You feel sick.
You feel sick. The adder bites you.
* * * LOW HITPOINT WARNING * * *
You are more poisoned.
The adder poisons you!
You feel sick.
You feel sick.
Unknown command.
You feel sick. The adder bites you but does no damage.
Okay, then.
As you read the scroll labelled QEPSECZ CEUBB, it crumbles to dust.
It is a scroll of identify.
i - a potion of flight You feel sick.
The adder bites you but does no damage.
As you read the scroll of identify, it crumbles to dust.
j - a potion of might You feel sick.
The adder bites you but does no damage.
Okay, then.
You aren't carrying any items that you can evoke.
Unknown command.
Okay, then.
You miss the adder. Your headbutt misses the adder.
You feel sick. The adder closely misses you.
The adder bites you but does no damage.
You whack the adder! You burn the adder.
The adder is almost dead.
You feel sick.
You are no longer poisoned.
The adder barely misses you.
You closely miss the adder. Your headbutt misses the adder.
The adder is almost dead.
The adder bites you but does no damage. The adder bites you.
* * * LOW HITPOINT WARNING * * *
You hit the adder. You burn the adder.
You kill the adder!
Okawaru accepts your kill. The ogre hits you with a +0 giant club!
You die...

###### ......
....#########
...........#######
#..#####.......(####
#?.# #......##.....
#@# #......######.
#O###......# ##
#..##......# #
##.#.......#
#.##....)...>#
...#............#
#...............#
###.#.............
#...#.#.#.#...##


You could see an ogre.

Vanquished Creatures
  5 adders
  A gnoll (D:1)
  2 worms
  A dart slug (D:1)
  6 orcs
  5 bats
  6 endoplasms
  3 giant cockroaches
  2 goblins
  3 hobgoblins
  A quokka (D:3)
  A ball python (D:1)
  4 frilled lizards
  2 kobolds (D:1)
  8 rats
50 creatures vanquished.

Notes
Turn   | Place    | Note
-------+----------+-------------------------------------------
     0 | D:1      | lunkers the Minotaur Hunter began the quest for the Orb.
     0 | D:1      | Reached XP level 1. HP: 18/18 MP: 0/0
   184 | D:1      | Reached XP level 2. HP: 25/25 MP: 1/1
   906 | D:1      | Reached skill level 5 in Bows
   923 | D:1      | Reached XP level 3. HP: 31/31 MP: 2/2
  1209 | D:2      | Noticed a floating eye
  1290 | D:2      | Found a faded altar of an unknown god.
  1292 | D:2      | Noticed an eye of devastation
  1650 | D:2      | Noticed a shining eye
  1656 | D:2      | Noticed a floating eye
  1903 | D:2      | Reached XP level 4. HP: 38/38 MP: 3/3
  2093 | D:3      | Found a burning altar of Makhleb.
  2103 | D:3      | Found a radiant altar of Vehumet.
  2108 | D:3      | Found an iron altar of Okawaru.
  2118 | D:3      | Became a worshipper of Warmaster Okawaru
  2438 | D:3      | Found a large runed translucent door.
  2438 | D:3      | Found a large runed translucent door.
  2443 | D:3      | Noticed axecop's ghost (amateur DsAK)
  3058 | D:4      | Identified the +4 ring mail of the Six Tables {rF+}
  3081 | D:4      | Noticed an ogre
  3098 | D:4      | Mangled by an ogre

Illustrated notes

Levels and vault maps discovered:
D:1:      heliophobic_arrival_enchanted_forest, layout_basic
D:2:      layout_basic, hellmonk_ecumenical_altar_watching_god,
          minmay_fountain_box, kennysheep_generic_room_15
D:3:      layout_basic, minmay_overflow_temple_star_quad,
          ebering_ghost_disaster_area
D:4:      layout_rooms, grunt_qazlal_clouds, serial_glass, glass_columns_c,
          glass_columns_a, glass_columns_b, glass_columns_a

Skill      XL: |  1  2  3 |
---------------+----------+-----
Fighting       | 3 |  3.6
Bows           | 5 |  5.5
Dodging        | 3 |  3.2
Maces & Flails | |  0.4
Stealth        | |  0.7

Action                   |  1- 3 |  4- 6 || total
-------------------------+-------+-------++-------
Melee: Demon whip        |       |    14 ||    14
       Short sword       |       |     1 ||     1
 Fire: Shortbow          |    92 |    24 ||   116
  Use: Scroll            |       |     2 ||     2
Armor: Leather armour    |     8 |     1 ||     9
       Ring mail         |       |     6 ||     6
Dodge: Dodged            |    18 |    13 ||    31

Table legend: (Time is in decaauts)
 A = Elapsed time spent in this place.
 B = Non-inter-level travel time spent in this place.
 C = Inter-level travel time spent in this place.
 D = Time resting spent in this place.
 E = Time spent auto-exploring this place.
 F = Levels seen in this place.
 G = Mean time per level.
                   A        B        C        D        E       F      G
               +--------+--------+--------+--------+--------+-----+--------+
         Total |   3106 |   2932 |    174 |      0 |   2563 |   4 |  776.5 |
       Dungeon |   3106 |   2932 |    174 |      0 |   2563 |   4 |  776.5 |
               +--------+--------+--------+--------+--------+-----+--------+

Top non-repeatable levels by time:
     D:2: 1086 daAuts
     D:1: 1058 daAuts
     D:3: 900 daAuts
     D:4: 62 daAuts
